 Dungeon Crawl Stone Soup version 0.30-a0-1163-gf69bf04e7a (webtiles) character file.

Game seed: 10055245667108749660

29 Esekla the Sneak (level 3, 19/26 HPs)
             Began as an Octopode Delver on Apr 28, 2023.
             Quit the game on level 5 of the Dungeon.
             The game lasted 00:01:11 (205 turns).

Esekla the Sneak (Octopode Delver)                   Turns: 205, Time: 00:01:12

Health: 19/26      AC:  1    Str: 11    XL:     3   Next: 16%
Magic:  3/3        EV: 13    Int: 14    God:
Gold:   22         SH:  0    Dex: 13    Spells: 3/3 levels left

rFire   . . .        a - +0 falchion
rCold   . . .        (no shield)
rNeg    . . .        (helmet restricted)
rPois   .            (no amulet)
rElec   .            (no ring)
rCorr   .            (no ring)
SInv    .            (no ring)
Will    .....        (no ring)
Stlth   ++++         (no ring)
HPRegen 0.24/turn    (no ring)
MPRegen 0.08/turn    (no ring)
                     (no ring)

%: no passive effects
@: no status effects
A: almost no armour, amphibious, 8 rings, camouflage 1, gelatinous body 1,
(nimble swimmer 1), tentacles
a: no special abilities


You were on level 5 of the Dungeon.
You visited 1 branch of the dungeon, and saw 1 of its levels.

You collected 22 gold pieces.

Inventory:

Hand Weapons
 a - a +0 falchion (weapon)
Wands
 f - a wand of digging (3)
Scrolls
 b - a scroll of fog
 d - a scroll of fear
Potions
 e - a potion of haste


   Skills:
 * Level 3.2 Fighting
 * Level 2.2 Long Blades
 * Level 2.2 Dodging
 + Level 7.1 Stealth
 * Level 0.6 Spellcasting


You had 3 spell levels left.
You didn't know any spells.
Your spell library was empty.

Dungeon Overview and Level Annotations

Branches:
Dungeon (5/15)
 Temple: D:4-7

Altars:
Ru


Innate Abilities, Weirdness & Mutations

You cannot wear most types of armour.
You are amphibious.
You can wear up to eight rings at the same time.
Your skin changes colour to match your surroundings (Stealth+).
Your rubbery body absorbs attacks. (AC +1, EV +1)
((You are camouflaged when in or above water. (Stealth+)))
You have tentacles for arms and can constrict up to eight enemies at once.


Message History

You constrict the hound, but do no damage.
The hound bites you. The hound closely misses you.
You hit the hound. You squeeze the hound.
The hound is moderately wounded.
You constrict the hound. The hound barely misses you. The hound bites you.
* * * LOW HITPOINT WARNING * * *
You barely miss the hound. You squeeze the hound!
You kill the hound!
Your Stealth skill increases to level 7!
You have reached level 2!
You have reached level 3!
Your experience leads to an increase in your attributes!
Increase (S)trength, (I)ntelligence, or (D)exterity?
You feel clever. x2
You now have 13 gold pieces.
You see here a +0 flail.
Found a stone staircase leading up.
You start resting.
HP restored.
You see here a +0 flail.
Found 9 gold pieces and a viscous green potion.
You now have 22 gold pieces (gained 9).
Found a robe.
Found a sacrificial altar of Ru.
An orc warrior comes into view. It is wielding a +0 short sword.
An orc priest comes into view. It is wielding a +0 short sword.
The orc priest shouts!
The orc priest casts a cantrip, but nothing happens.
You hear a shout!
An orc wizard comes into view. It is wielding a +0 short sword.
The orc wizard mumbles some strange words.
The orc wizard flickers and vanishes!
Deactivating autopickup; reactivate with Ctrl-A.
The orc priest invokes the aid of Beogh against you.
Beogh smites you!
The orc warrior shouts!
The orc warrior unwields a +0 short sword.
The orc warrior wields a +0 arbalest.
The orc warrior shoots a bolt.
The bolt closely misses you.
Are you sure you want to abandon this character and quit the game? (Confirm with "yes".)

#.##.######..{.##.**,,*,,,,**,,,,
.)...# #o..##*,,,,,,,,*,**,,,,
..#### #...# ****,,,,,,,******
### #...# *,**,,*,* # #...#
*,**,,,,* ** # #...#####*,,,,,,,*
**, # ***** ##.###..,,,,,**,**
*,, # **,,,**
##.###.#****,,,,*****,,
**,,,,,*##...##@####*,**,,,,,,,,
**,,,,,,,#..........#*,*********,
*,,,,..........#..#.#*,* **
*,,,,.............#,#*,*
*,,,,.§≈≈≈≈≈≈≈≈.....,,,*
**,,,.≈§......≈.[####*,****
**,,.§§###.#.≈..#*,,,,,,,*
**,.≈.#...#.≈..#*,**,**,*
*,,.§.#._.#.≈.##*,**,,*,*


There were no monsters in sight!

Vanquished Creatures
  A hound (D:5)
1 creature vanquished.

Notes
Turn   | Place    | Note
-------+----------+-------------------------------------------
     0 | D:5      | Esekla the Octopode Delver began the quest for the Orb.
     0 | D:5      | Reached XP level 1. HP: 16/16 MP: 1/1
    54 | D:5      | Noticed a hound
    64 | D:5      | Killed a hound
    65 | D:5      | Reached skill level 7 in Stealth
    65 | D:5      | Reached XP level 2. HP: 3/21 MP: 2/2
    65 | D:5      | Reached XP level 3. HP: 4/26 MP: 3/3
   184 | D:5      | Found a sacrificial altar of Ru.
   189 | D:5      | Noticed an orc warrior
   205 | D:5      | Quit the game

Illustrated notes

Levels and vault maps discovered:
D:5:      layout_loops_cross, mainiacjoe_overflow_brackets,
          minmay_splitting_lines

Skill      XL: |  1 |
---------------+----+-----
Stealth        | 7 |  7.1
Fighting       | |  3.2
Long Blades    | |  2.2
Dodging        | |  2.2
Spellcasting   | |  0.6

Action                     || total
---------------------------++-------
  Melee: Falchion          ||     4
         Tentacles         ||     2
         Constrict         ||     1
    Use: Scroll            ||     1
   Stab: Sleeping          ||     1
  Dodge: Dodged            ||     3

Table legend: (Time is in decaauts)
 A = Elapsed time spent in this place.
 B = Non-inter-level travel time spent in this place.
 C = Inter-level travel time spent in this place.
 D = Time resting spent in this place.
 E = Time spent auto-exploring this place.
 F = Levels seen in this place.
 G = Mean time per level.
                   A        B        C        D        E       F      G
               +--------+--------+--------+--------+--------+-----+--------+
         Total |    205 |    205 |      0 |     70 |      0 |   1 |  205.0 |
       Dungeon |    205 |    205 |      0 |     70 |      0 |   1 |  205.0 |
               +--------+--------+--------+--------+--------+-----+--------+

Top non-repeatable levels by time:
     D:5: 205 daAuts
